[Event "*** Titled Tuesday Blitz"]
[Site "Chess.com"]
[Date "2020.11.03"]
[Round "7"]
[White "dpopadic"]
[Black "Morshynska"]
[Result "1/2-1/2"]
[WhiteElo "2411"]
[BlackElo "2253"]
[TimeControl "180+1"]
[EndTime "11:22:27 PST"]
[Termination "Game drawn by agreement"]

1. e4 e5 2. Nf3 Nc6 3. Bb5 a6 4. Ba4 Nf6 5. O-O b5 6. Bb3 Bb7 7. Re1 Bc5 8. Bd5 Qe7 9. d3 h6 10. h3 O-O 11. Nc3 d6 12. a3 Rab8 13. Bd2 Nd4 14.
Bxb7 Nxf3+ 15. Qxf3 Rxb7 16. Qg3 Kh7 17. Be3 c6 18. Bxc5 dxc5 19. Qf3 Qe6 20. Ne2 Ne8 21. Ng3 g6 22. Qe3 c4 23. dxc4 bxc4 24. Qc3 Nd6 25.
Rab1 Rfb8 26. Kh1 Rb6 27. Red1 Nb5 28. Qa5 Nd4 29. c3 Nb3 30. Qa4 h5 31. Nf1 h4 32.
Ne3 f5 33. f3 fxe4 34. fxe4 Nc5 35. Qxc4 Qxc4 36. Nxc4 Rb3 37. Nxe5 Rxb2 38. Rxb2 Rxb2 39.
Nxc6 Nxe4 40. Re1 Ng3+ 41. Kg1 Ra2 42. Nb4 Rxa3 43. c4 a5 44. Nd5 a4 45. c5 Ra2 46.
c6 Rc2 47. c7 a3 48. Ra1 Rc5 49. Kf2 Ne4+ 50. Ke3 Nd6 51. Kd4 Rc4+ 52. Kd3 Rc5 53. Kd4 Rc4+ 54. Ke5 Nb5 55. Ke6 Nxc7+ 56. Nxc7 Rxc7 57.
Rxa3 Rc2 58. Ra4 Rxg2 59. Rxh4+ Kg7 60. Rg4 Re2+ 61. Kd5 Re3 62. h4 Kh6 63. Kd4 Re1 64. Kd3 Kh5 65. Rg5+ Kxh4 66. Rxg6 Kh5 67. Rg8 Kh6 68.
Kd2 Re6 69. Rg3 Kh7 70. Kd3 1/2-1/2

[Event "*** Titled Tuesday Blitz"]
[Site "Chess.com"]
[Date "2020.11.03"]
[Round "7"]
[White "RaunakSadhwani2005"]
[Black "lolo9292"]
[Result "0-1"]
[WhiteElo "2970"]
[BlackElo "2516"]
[TimeControl "180+1"]
[EndTime "11:22:29 PST"]
[Termination "lolo9292 won by checkmate"]

1. e4 c5 2. Nf3 e6 3. d4 cxd4 4. Nxd4 Nf6 5. Nc3 Nc6 6. Ndb5 Bc5 7. Bf4 O-O 8. Bc7 Qe7 9. Bd6 Bxd6 10. Qxd6 Qd8 11.
Qc7 Qxc7 12. Nxc7 Rb8 13. O-O-O a6 14. a4 Rd8 15. f4 d6 16. Bc4 Kf8 17. f5 Ne5 18.
Bb3 Ke7 19. fxe6 fxe6 20. Ne2 Nxe4 21. Nd4 Nc5 22. Ba2 Bd7 23. b4 Nxa4 24. Bxe6 Bxe6 25. Ncxe6 Rdc8 26. Nxg7 Nc3 27. Ndf5+ Kf7 28. Rxd6 Na2+ 29. Kb2 Nxb4 30. c3 Nbd3+ 31. Kc2 Rc6 32. Nh5 Rxd6 33.
Nxd6+ Ke6 34. Ne4 Rc8 35. Ng7+ Kd5 36. Nf6+ Kc6 37. Nf5 Kb6 38. Nd6 Rc6 39. Nde4 Ka7 40.
Rb1 b5 41. Kd2 Nc5 42. Ke3 Nxe4 43. Nxe4 Nc4+ 44. Kd4 Rc7 45. g4 Rd7+ 46. Kc5 Rc7+ 47. Kd4 Kb6 48. Nf6 Rg7 49. h4 a5 50. g5 a4 51. Ne4 Rd7+ 52. Nd6 Rxd6+ 53. Ke4 Nd2+ 54. Ke5 Nc4+ 55. Kf5 a3 56. h5 Ka5 57. g6 hxg6+ 58.
hxg6 Ne3+ 59. Kg5 Rd5+ 60. Kh6 a2 61. Ra1 Rd2 62. g7 Nf5+ 63. Kg6 Nxg7 64. Kxg7 Ka4 65. Kf6 Ka3 66. Ke5 Kb2 67. Rxa2+ Kxa2 68. c4 bxc4 69. Ke4 Kb3 70. Ke3 c3 71. Ke4 c2 72. Ke5 c1=Q 73.
Ke6 Qc3 74. Ke7 Rd4 75. Ke8 Qc5 76. Kf7 Rd6 77. Ke8 Qc7 78. Kf8 Rd8# 0-1

[Event "*** Titled Tuesday Blitz"]
[Site "Chess.com"]
[Date "2020.11.03"]
[Round "7"]
[White "enriquetejedor"]
[Black "sjam6687"]
[Result "1-0"]
[WhiteElo "2505"]
[BlackElo "2699"]
[TimeControl "180+1"]
[EndTime "11:22:32 PST"]
[Termination "enriquetejedor won by resignation"]

1. e4 e5 2. d4 exd4 3. Nf3 Nc6 4.
Nxd4 Bc5 5. Nf5 g6 6. Be3 Bxe3 7.
Nxe3 Nf6 8. Nc3 O-O 9. Bd3 Re8 10. O-O d6 11. Re1 Nb4 12. Rc1 Nxd3 13. cxd3 c6 14. f3 d5 15. Ne2 Qb6 16. Qd2 dxe4 17. dxe4 Be6 18. b3 Rad8 19. Qc3 Bc8 20. Kh1 Nh5 21. Rc2 Qc7 22. Nd5 Qd6 23. Ne3 Qd3 24. Qxd3 Rxd3 25. Nc1 Rdd8 26. Kg1 Nf4 27. Kf2 Ne6 28. Ne2 Rd3 29.
Rd1 Rxd1 30. Nxd1 Rd8 31. Nb2 c5 32. Na4 b6 33. Nac3 Bb7 34. Nb5 a6 35. Nbc3 Bc6 36.
Ke3 Kg7 37. h4 Kf6 38. g3 Ke7 39. h5 gxh5 40. Rc1 Nd4 41. Rh1 Nxe2 42. Nxe2 Bb5 43. Nf4 c4 44. Nd5+ Kf8 45. a4 Bc6 46. bxc4 b5 47.
axb5 axb5 48. cxb5 Bxb5 49. Rxh5 Kg7 50. Ne7 Ba6 51. Nf5+ Kg8 52. Rg5+ Kf8 53. Nh6 Rd3+ 54. Kf4 Ra3 55. Rg8+ Ke7 56. Nf5+ Kf6 57. e5+ Ke6 58.
Re8+ Kd5 59. Rd8+ Kc6 60. Rd6+ Kb7 61. Rf6 Ra4+ 62. Kg5 Bc4 63. Nd6+ Kb8 64. Rf4 Bb3 65. Rxa4 Bxa4 66. Nxf7 Kc7 67. Kf6 Bd1 68. f4 Bg4 69. f5 1-0

[Event "*** Titled Tuesday Blitz"]
[Site "Chess.com"]
[Date "2020.11.03"]
[Round "7"]
[White "tdf98pantani"]
[Black "kuban1991"]
[Result "1/2-1/2"]
[WhiteElo "2722"]
[BlackElo "2897"]
[TimeControl "180+1"]
[EndTime "11:22:35 PST"]
[Termination "Game drawn - insufficient material"]

1. e4 e6 2. d4 d5 3. Nd2 c5 4.
exd5 exd5 5. Ngf3 Nc6 6. Bb5 Bd6 7. dxc5 Bxc5 8. O-O Ne7 9. Nb3 Bb6 10. Re1 O-O 11.
h3 Bf5 12. Bd3 Qd7 13. c3 Bxd3 14. Qxd3 Nf5 15. Bf4 Rad8 16. Rad1 Qc8 17. Ne5 Nfe7 18. Bg5 f6 19. Nxc6 Nxc6 20. Bf4 a6 21. Re2 Ba7 22. Red2 Ne5 23. Qg3 Qe6 24. Nd4 Bxd4 25. Rxd4 Nc6 26.
R4d2 Rd7 27. Qf3 Rfd8 28. Re2 Qf7 29. Be3 Ne5 30. Qg3 Qg6 31. Qxg6 hxg6 32. Bb6 Rc8 33. Bd4 Nc6 34. g4 Kf7 35. Kg2 Re8 36. Red2 g5 37.
Be3 Re5 38. c4 d4 39. Bxd4 Re4 40. Bc3 Rxd2 41. Rxd2 Ke6 42. b3 b5 43. cxb5 axb5 44.
Kf3 Rf4+ 45. Ke3 b4 46. Bb2 Ne7 47. Rd4 Nd5+ 48. Ke2 Kd6 49. Rxf4 Nxf4+ 50. Kf3 Nxh3 51.
Bc1 Kd5 52. Bd2 Kc5 53. Be3+ Kd5 54. Bd2 Kc5 55. Kg2 Nf4+ 56. Kf3 Nd5 57. Ke4 g6 58. Kd3 Ne7 59. Be3+ Kb5 60. Bd4 Nd5 61. Bb2 f5 62. Kd4 Nf4 63. gxf5 gxf5 64. f3 Ne2+ 65. Ke5 g4 66.
fxg4 fxg4 67. Ke4 g3 68. Kf3 Nc3 69. a4+ bxa3 70. Bxc3 a2 71. Kxg3 a1=Q 72. Bxa1 Kb4 73. Kf3 Kxb3 1/2-1/2

[Event "*** Titled Tuesday Blitz"]
[Site "Chess.com"]
[Date "2020.11.03"]
[Round "7"]
[White "Alomaterapia"]
[Black "Nikolakis2014"]
[Result "0-1"]
[WhiteElo "2526"]
[BlackElo "2742"]
[TimeControl "180+1"]
[EndTime "11:22:36 PST"]
[Termination "Nikolakis2014 won by resignation"]

1. e4 c6 2. d4 d5 3. e5 Bf5 4.
Nf3 e6 5. Be2 Ne7 6. O-O c5 7.
Na3 Be4 8. c4 Nf5 9. cxd5 Bxd5 10. Bg5 Be7 11. Bxe7 Qxe7 12. dxc5 O-O 13. Rc1 Nd7 14.
Bc4 Bxf3 15. Qxf3 Nxe5 16. Qe4 Nc6 17. Bd3 Rad8 18. Nb5 Qf6 19. Nd6 Ne5 20. Bb1 g6 21. Rfd1 b6 22. Nxf5 exf5 23. Qe1 Rxd1 24. Qxd1 Rd8 25.
Qa4 bxc5 26. Rxc5 Ng4 27. h3 Qxb2 28. Qc2 Qxc2 29. Bxc2 Nf6 30. Bb3 Rd7 31. Ra5 Kg7 32. f3 Nh5 33. Kf2 f4 34. Ra6 Rd2+ 35. Kg1 Rd7 36. Ra4 Rc7 37. Kf2 h6 38. Ra5 g5 39.
Ra4 Ng3 40. Rc4 Rd7 41. Rc2 f5 42. Rb2 h5 43. Bc4 h4 44. Ba6 Kf6 45. Rb3 Ke5 46. Rb2 Rd4 47. Bb5 Rd5 48. Ba6 Kd4 49. Rd2+ Kc5 50. Rxd5+ Kxd5 51. Bc8 Kd4 52. Bd7 Kc3 53. Bc8 a5 54. Be6 a4 55. Bg8 a3 56. Bf7 Kd2 57. Be6 Kc3 58. Bf7 Kd2 59. Be6 Ne2 60. Bxf5 Nc3 61. Be6 Kc2 62. Ke1 Kb2 63. Kd2 Nb1+ 64. Kd3 Nc3 65. Kd2 Na4 66. Kd3 Nc5+ 67. Kd4 Nxe6+ 68. Ke5 Kxa2 69. Kxe6 Kb3 70. Kf5 a2 71. Kxg5 a1=Q 72. Kxh4 Qd4 73. Kg4 Kc4 74. h4 Kd5 75. h5 Ke6 76. Kg5 Kf7 77. h6 Qf6+ 78. Kg4 Qxh6 79. Kf5 Qf6+ 80. Ke4 Qg6+ 81. Kxf4 Qxg2 82. Ke3 Kf6 83. f4 Qg3+ 0-1

[Event "*** Titled Tuesday Blitz"]
[Site "Chess.com"]
[Date "2020.11.03"]
[Round "7"]
[White "anpospan"]
[Black "AliKa2810"]
[Result "0-1"]
[WhiteElo "2394"]
[BlackElo "2562"]
[TimeControl "180+1"]
[EndTime "11:22:36 PST"]
[Termination "AliKa2810 won on time"]

1. Nf3 d5 2. g3 Nc6 3. Bg2 e5 4. d3 Nf6 5. O-O Bd6 6. c4 d4 7. e3 O-O 8. exd4 exd4 9. Bg5 Bf5 10. Nh4 Be6 11. Bxc6 bxc6 12. Qf3 Be7 13. Nf5 Bxf5 14.
Qxf5 Rb8 15. b3 Nd7 16. Bxe7 Qxe7 17. Nd2 Nc5 18. Rae1 Qd6 19. Ne4 Nxe4 20. Rxe4 g6 21. Qa5 f5 22. Re2 f4 23. Qe5 fxg3 24. fxg3 Rxf1+ 25. Kxf1 Rf8+ 26. Kg2 Qa3 27. Qe6+ Kh8 28. Qe5+ Kg8 29. Qxd4 Qc1 30. Rf2 Rxf2+ 31. Qxf2 Qb1 32. Qe2 Kf7 33. d4 Kg7 34. d5 cxd5 35. cxd5 Qf5 36. Qe7+ Kh6 37. Qh4+ Kg7 38. Qd4+ Kg8 39. Qc4 Kf8 40. Qc5+ Kg8 41. Qc4 Kh8 42. a4 Qe5 43. h4 Qb2+ 44. Kh3 Qe5 45. Qc6 Qf5+ 46. Kg2 Qe4+ 47.
Kf2 Qd4+ 48. Kf3 Qd3+ 49. Kf4 Qxb3 50. Ke5 Qxg3+ 51. Ke6 Qg4+ 52. Kf7 Qf4+ 53. Ke7 Qxh4+ 54. Kd7 Qg4+ 55. Kxc7 h5 56. d6 Qf4 57. Qe8+ Kh7 58. Qe7+ Kh6 59. Kd8 h4 60. Ke8 h3 61. d7 Qxa4 62. Qf8+ Kh5 63. Qf3+ Kh4 64. Qf2+ Kg4 65. Qg1+ Kh5 66. Qg3 Qe4+ 67. Kf8 Qf5+ 68. Ke7 Qc5+ 69. Ke8 Qc6 70. Qxh3+ Kg5 71. Qg3+ Kf6 72. Qf4+ Ke6 73. Qe3+ Kf6 74. Qd4+ Ke6 0-1

[Event "*** Titled Tuesday Blitz"]
[Site "Chess.com"]
[Date "2020.11.03"]
[Round "7"]
[White "Zkid"]
[Black "AndrewMaco"]
[Result "0-1"]
[WhiteElo "2778"]
[BlackElo "2677"]
[TimeControl "180+1"]
[EndTime "11:22:39 PST"]
[Termination "AndrewMaco won by resignation"]

1. e4 c5 2. Nf3 d6 3. d4 cxd4 4. Nxd4 Nf6 5. f3 e5 6. Nb3 d5 7.
Bg5 dxe4 8. Qxd8+ Kxd8 9. fxe4 Be6 10. Nc3 Nd7 11. Be2 Be7 12. Nd2 Ng4 13. Bxe7+ Kxe7 14. Bxg4 Bxg4 15. Nd5+ Kd8 16. Nc4 f6 17. Nd6 Be6 18.
Nxb7+ Kc8 19. Nd6+ Kb8 20. O-O-O Nb6 21. Rhe1 Rd8 22.
Nb4 Kc7 23. Nb5+ Kb7 24. b3 a5 25. Nd3 Kc6 26. a4 h5 27. h4 Nd7 28. Nb4+ Kb7 29. Nd5 Bg4 30. Rd3 Nb6 31. Nxb6 Kxb6 32. Nd6 Kc6 33.
Nc4 Rxd3 34. cxd3 Kc5 35. Kc2 Kb4 36. Kb2 Rd8 37. Re3 Rd7 38. Nb6 Rb7 39. Nd5+ Kc5 40. Kc3 Be6 41. Re1 Bxd5 42. exd5 Kxd5 43. Re4 f5 44.
Rc4 e4 45. dxe4+ fxe4 46. Rc8 e3 47. Re8 Rc7+ 48. Kd3 Rb7 49. Kc3 Rc7+ 50. Kd3 Rb7 51. Rd8+ Ke5 52. Kxe3 Rxb3+ 53. Kf2 Rb4 54. Rg8 Kf6 55.
Rf8+ Kg6 56. Ra8 Rxa4 57. Kg3 Rg4+ 58. Kh3 a4 59. Ra5 Kh6 60. Ra6+ Kh7 61. Ra8 g6 62.
Ra7+ Kg8 63. g3 Kf8 64. Kg2 Ke8 65. Kf3 Kd8 66. Ra5 Kc7 67. Re5 Kd6 68. Ra5 Kc6 69.
Ke2 Kb6 70. Ra8 Kb5 71. Kf3 Kb4 72. Rb8+ Kc3 73. Rc8+ Kb2 74. Rb8+ Ka2 75. Rb6 a3 76. Kf2 Ka1 77. Kf3 a2 78. Kf2 Rc4 79. Rxg6 Kb1 80.
Rb6+ Kc1 81. Ra6 Kb2 82. Rb6+ Ka3 83. Ra6+ Ra4 0-1

[Event "*** Titled Tuesday Blitz"]
[Site "Chess.com"]
[Date "2020.11.03"]
[Round "7"]
[White "frederiksvane"]
[Black "TigrVShlyape"]
[Result "1-0"]
[WhiteElo "2651"]
[BlackElo "2872"]
[TimeControl "180+1"]
[EndTime "11:22:40 PST"]
[Termination "frederiksvane won by resignation"]

1. e4 e5 2. Nf3 Nc6 3. Bb5 a6 4. Ba4 Nf6 5. O-O Be7 6. d3 d6 7. c3 O-O 8. Re1 b5 9. Bc2 Nb8 10. Nbd2 c5 11. Nf1 Nc6 12. h3 Re8 13. d4 cxd4 14.
cxd4 exd4 15. Nxd4 Nxd4 16. Qxd4 Bb7 17. Ng3 g6 18.
Bh6 Qc7 19. Bb3 Qc5 20. Qd2 Bf8 21. Bxf8 Rxf8 22. Rac1 Qb6 23. Qf4 d5 24. e5 Ne4 25.
Nxe4 dxe4 26. Bc2 Qd4 27. Bb3 Qd7 28. e6 fxe6 29. Rc7 Rxf4 30. Rxd7 Rb8 31. Bxe6+ Kh8 32.
Rc1 Rf6 33. Rcc7 Rxe6 34. Rxh7+ Kg8 35. Rcg7+ Kf8 36. Rc7 Kg8 37. Rxb7 Rxb7 38. Rxb7 Rd6 39. Kf1 Rd2 40. Rb6 Kg7 41. Rxa6 Rxb2 42. Re6 Rxa2 43. Rxe4 Ra6 44. Rb4 Rb6 45. Ke2 Kf6 46. Kd3 Ke5 47.
Kc3 Kd5 48. Rg4 Re6 49. Kb4 Re2 50. f3 Rb2+ 51. Kc3 Rb1 52. Rg5+ Ke6 53. Rxg6+ Kf5 54. Rg4 Ke5 55. Rb4 Rg1 56. Rxb5+ Kf4 57. Rb2 Kg3 58.
Kd4 Re1 59. Kd3 Re7 60. Re2 Rd7+ 61. Kc2 Rc7+ 62. Kb3 Rc6 63. Kb4 Rc7 64. Kb5 Rc1 65. Kb4 Rc7 66. Kb3 Rc8 67. Rc2 Rb8+ 68. Ka2 Rb7 69.
Rb2 Rc7 70. Kb1 Rc3 71. Rc2 Re3 72. Kc1 Re1+ 73. Kd2 Re7 74. Kd3 Re1 75. Re2 Ra1 76.
Ke3 Ra3+ 77. Ke4 Ra4+ 78. Kf5 Rf4+ 79. Kg5 Ra4 80. f4 1-0

[Event "*** Titled Tuesday Blitz"]
[Site "Chess.com"]
[Date "2020.11.03"]
[Round "7"]
[White "Sharpchess22"]
[Black "GelmanAlexander"]
[Result "1/2-1/2"]
[WhiteElo "2819"]
[BlackElo "2586"]
[TimeControl "180+1"]
[EndTime "11:22:47 PST"]
[Termination "Game drawn by repetition"]

1. d4 Nf6 2. Bf4 c5 3. c3 b6 4. Nf3 Bb7 5. e3 d6 6. h3 Nbd7 7. Bh2 h6 8. Nbd2 a6 9. a4 g5 10.
Bd3 Rg8 11. Qe2 h5 12. e4 g4 13. hxg4 hxg4 14. Nh4 cxd4 15. cxd4 Rh8 16. Bg3 e6 17. e5 dxe5 18. dxe5 Nc5 19. Bc2 Nh5 20. Ng6 Rh6 21. Bh4 Qd4 22. Nc4 fxg6 23. Bg5 Nf4 24. Rxh6 Nxe2 25. Bxg6+ Kd7 26. Rd1 Bxh6 27. Bxh6 Qxd1+ 28. Kxd1 Nd4 29. Nxb6+ Kc6 30. Nxa8 Bxa8 31. Bh5 Nxa4 32.
Bxg4 Kd5 33. b3 Nc5 34. b4 Nd3 35. Be3 Nxe5 36. Bh5 Nf5 37. Bg5 Bc6 38. g4 Nd4 39. f4 Ba4+ 40. Kc1 Nd3+ 41. Kd2 Nxb4 42. Be7 Nbc6 43.
Bf8 Bc2 44. g5 Bf5 45. g6 e5 46. g7 Be6 47. fxe5 Nxe5 48. Kc3 Nf5 49. Be2 Bg8 50.
Bxa6 Ke6 51. Bc8+ Kf6 52. Bxf5 Kxf5 53. Kd4 Ng6 54. Kc5 Ke6 55. Kd4 Kf7 56. Bb4 Kxg7 57. Ke4 Kf7 58. Bc3 Bh7 59. Kf5 Nf8+ 60. Kg5 Ne6+ 61. Kh6 Bg6 62. Bb2 Nf4 63. Kg5 Nd5 64. Ba1 Nc7 65. Kf4 Ne6+ 66. Ke5 Bh5 67. Bb2 Nf8 68.
Ba1 Ng6+ 69. Kd5 Bg4 70. Kd4 Ke6 71. Kc5 Bf5 72. Kd4 Nf4 73. Ke3 Nd5+ 74. Kd4 Bg6 75. Bb2 Bf7 76. Ba3 Kf5 77. Bb2 Nf4 78.
Ba3 Be6 79. Bb2 Ne2+ 80. Ke3 Bc4 81. Ba3 Nf4 82. Kd4 Be2 83. Bc1 Ng2 84. Bd2 Bf3 85. Kd3 Nh4 86. Kd4 Ng6 87. Ke3 Be4 88. Bc3 Nf4 89.
Bb2 Nd5+ 90. Kd4 Bf3 91. Bc3 Kf4 92. Bb2 Kf5 93. Bc3 Nf6 94. Ke3 Nd5+ 95. Kd4 1/2-1/2

[Event "*** Titled Tuesday Blitz"]
[Site "Chess.com"]
[Date "2020.11.03"]
[Round "7"]
[White "Chessalary"]
[Black "Iskusnyh"]
[Result "1-0"]
[WhiteElo "2432"]
[BlackElo "2565"]
[TimeControl "180+1"]
[EndTime "11:22:48 PST"]
[Termination "Chessalary won on time"]

1. d4 d5 2. e3 Nf6 3. Nf3 c5 4.
Be2 Nc6 5. b3 cxd4 6. exd4 Bf5 7.
c3 e6 8. O-O Be7 9. Bb2 O-O 10.
Nbd2 Qc7 11. Re1 Rad8 12. Bb5 Bd6 13. h3 Bf4 14. Bxc6 bxc6 15. Ne5 Nd7 16. Ndf3 Be4 17. Nxd7 Rxd7 18. Nd2 Bg6 19. Rc1 c5 20. Ba3 Bh2+ 21.
Kh1 Bd6 22. Qf3 Qa5 23. Bxc5 Bxc5 24. dxc5 Qxc5 25. Red1 Rc8 26. Nf1 h6 27. Qe3 Qa3 28. c4 d4 29. Qd2 e5 30. Re1 e4 31. Ng3 f5 32. Rcd1 d3 33. Qf4 Qd6 34. Qxd6 Rxd6 35.
f3 Re8 36. fxe4 fxe4 37. Re3 a5 38. Kg1 Kh7 39. Kf2 Rd4 40. Ke1 a4 41. Ne2 Rd6 42.
Nf4 axb3 43. axb3 Rb6 44. Rb1 Reb8 45. Nxg6 Rxg6 46. g4 Re6 47. Kd2 Kg6 48. Rbe1 Rxb3 49.
Rxe4 Rd6 50. Re6+ Rxe6 51. Rxe6+ Kg5 52. Re3 Rb8 53. Kxd3 Rd8+ 54. Kc3 Rc8 55. Re5+ Kh4 56. Rh5+ Kg3 57. c5 g5 58. Kd4 Rd8+ 59. Ke5 Rc8 60.
Kd6 Rd8+ 61. Kc7 Rd1 62. c6 Rc1 63. Rxh6 Rc2 64. Kd7 Rd2+ 65. Rd6 Rc2 66. Rd3+ Kh4 67. Rd5 Rc3 68. c7 Rc2 69. c8=Q 1-0

[Event "*** Titled Tuesday Blitz"]
[Site "Chess.com"]
[Date "2020.11.03"]
[Round "7"]
[White "AmirBagheri78"]
[Black "MPGM"]
[Result "1/2-1/2"]
[WhiteElo "2579"]
[BlackElo "2456"]
[TimeControl "180+1"]
[EndTime "11:22:49 PST"]
[Termination "Game drawn by repetition"]

1. d4 d5 2. Nf3 e6 3. Bf4 Nf6 4. e3 c5 5. Nbd2 Be7 6. c3 O-O 7. Bd3 Nh5 8. Bg3 Nc6 9. Qc2 g6 10. O-O Nxg3 11. hxg3 Qc7 12. Rfe1 e5 13. dxe5 Nxe5 14.
Nxe5 Qxe5 15. Rad1 Bg4 16. Be2 h5 17. Qa4 Be6 18.
Bf3 Kg7 19. Qf4 Bf6 20. Qxe5 Bxe5 21. Nb3 c4 22. Nc5 Rad8 23. Re2 b6 24. Na6 Rd6 25. Red2 Rfd8 26. a3 Bf6 27. Nb4 a5 28. Nxd5 b5 29. e4 Bxd5 30. exd5 b4 31. axb4 axb4 32. cxb4 Rb8 33. Rc2 Rxb4 34. Be2 Rxb2 35. Rxb2 Bxb2 36. Bxc4 f5 37. Bb5 Kf6 38. Bc6 Be5 39. Rb1 f4 40. gxf4 Bxf4 41. g3 Be5 42. Kg2 g5 43. Rb7 g4 44. Rh7 Kg5 45. Re7 Bd4 46. Re4 Bc5 47.
Re5+ Kh6 48. Be8 Rf6 49. Rxh5+ Kg7 50. Rg5+ Kf8 51. Bb5 Rxf2+ 52. Kh1 Rb2 53. Bc4 Rc2 54. Rxg4 Ke7 55. Re4+ Kf6 56. Rf4+ Kg5 57. Bd3 Rd2 58. Be4 Bd6 59. Rf5+ Kg4 60. Rf6 Bxg3 61. Rg6+ Kf4 62. Bf5 Kxf5 63. Rxg3 Rxd5 64. Rf3+ Ke4 65.
Rf8 Re5 66. Rf7 Kd4 67. Rf8 Re4 68. Rf7 Re5 69. Kg2 Re4 70. Kf3 Re5 71. Kf2 Kd5 72.
Rd7+ Ke6 73. Rd4 Rd5 74. Ra4 Kf5 75. Ke3 Ke5 76. Rb4 Kd6 77. Rc4 Rb5 78. Rh4 Kc5 79. Kd3 Rb3+ 80. Kc2 Rg3 81. Rh5+ Kd4 82. Rh4+ Kc5 83.
Rh5+ Kc4 84. Rh4+ Kc5 1/2-1/2

[Event "*** Titled Tuesday Blitz"]
[Site "Chess.com"]
[Date "2020.11.03"]
[Round "7"]
[White "Aygehovit1992"]
[Black "Radzio1987"]
[Result "1/2-1/2"]
[WhiteElo "2648"]
[BlackElo "2807"]
[TimeControl "180+1"]
[EndTime "11:22:53 PST"]
[Termination "Game drawn by 50-move rule"]

1. e4 c6 2. d4 d5 3. f3 Qb6 4. a4 dxe4 5. a5 Qc7 6. fxe4 e5 7.
Nf3 Bg4 8. Bc4 Nf6 9. O-O Nbd7 10. Nc3 Bb4 11. Kh1 O-O 12. Bg5 Bxc3 13. bxc3 Nxe4 14.
Be7 Rfe8 15. Bxf7+ Kxf7 16. Nxe5+ Kxe7 17. Qxg4 Ndf6 18. Qxg7+ Kd8 19. Nf7+ Kc8 20. Rxf6 Nxf6 21. Qxf6 Rf8 22.
Qe6+ Qd7 23. Nd6+ Kc7 24. Qxd7+ Kxd7 25. Nxb7 Rf2 26. Nc5+ Kc7 27. Re1 Re8 28. Rb1 Ree2 29. h3 Rxg2 30. Rb7+ Kc8 31. Rxa7 Rgf2 32. Ra8+ Kc7 33.
Ra7+ Kb8 34. Rb7+ Kc8 35. Kg1 Rxc2 36. Rxh7 Rg2+ 37. Kf1 Rh2 38. Rh8+ Kc7 39. Rh7+ Kd8 40. Rh8+ Ke7 41. Kg1 Rhd2 42. Rh7+ Kf6 43. Ne4+ Kg6 44. Nxd2 Kxh7 45. Ne4 Ra2 46. a6 Rxa6 47. Kf2 Kg6 48. Ke3 Kf5 49. Kd3 Ra1 50. Nc5 Rh1 51. Kc4 Rxh3 52.
Na6 Ke6 53. Nb4 Kd6 54. Nd3 Rh4 55. Nc5 Rh5 56. Nb7+ Kc7 57. Nc5 Kb6 58. Nd3 Ka5 59. Nc5 Kb6 60. Nd3 Ra5 61. Nc5 Kc7 62. Nd3 Kd6 63.
Nc5 Ra1 64. Ne4+ Kc7 65. Nc5 Kb6 66. Nd3 Ra4+ 67. Kb3 Kb5 68. Nb4 Ra8 69. Nd3 Rh8 70. Nc5 Rh1 71. Ne4 Rb1+ 72. Kc2 Ra1 73. Nd6+ Kb6 74.
Nc4+ Kc7 75. Ne5 Kd6 76. Nd3 Kd5 77. Kb3 Ra8 78. Nb4+ Kd6 79. Kc4 Ra5 80. Nd3 Ra4+ 81. Nb4 Ra8 82. Nd3 Rc8 83. Nc5 Rh8 84. Nb7+ Kc7 85.
Nc5 Kb6 86. Nd3 Rh5 87. Nc5 Rg5 88. Nd3 Ra5 89. Nc5 Ra7 90. Nd3 Ra4+ 91. Kb3 Kb5 92.
Nb4 Ra1 93. Nd3 Rb1+ 94. Kc2 Rh1 95. Kb3 Rb1+ 96. Kc2 Rh1 97. Kb3 Rh3 98. Nc5 Rg3 99. Ne4 Re3 100. Nd6+ Ka6 101. Kc4 Kb6 1/2-1/2

[Event "*** Titled Tuesday Blitz"]
[Site "Chess.com"]
[Date "2020.11.03"]
[Round "7"]
[White "Kobalia"]
[Black "Aleksey_Sorokin"]
[Result "1/2-1/2"]
[WhiteElo "2738"]
[BlackElo "2876"]
[TimeControl "180+1"]
[EndTime "11:23:03 PST"]
[Termination "Game drawn - insufficient material"]

1. e4 c6 2. Nf3 d5 3. d3 g6 4. e5 Bg7 5. d4 Bg4 6. Nbd2 e6 7. h3 Bxf3 8. Nxf3 Nd7 9. Bd3 c5 10. c3 Ne7 11. O-O Nc6 12. Be3 O-O 13. Qd2 Rc8 14. Rfe1 cxd4 15. cxd4 Qa5 16. Qe2 Nb4 17. Bd2 Qb6 18.
Bb5 Nc6 19. Be3 a6 20. Bd3 Nb4 21. Red1 Nxd3 22. Rxd3 Rc6 23. Nh2 Rfc8 24. Rd2 Rc1+ 25. Rxc1 Rxc1+ 26. Nf1 Qc7 27. Rd1 Rxd1 28. Qxd1 Kf8 29.
Nd2 Ke8 30. g4 Bf8 31. Kg2 Nb6 32. Nf3 Nc4 33. Bc1 Be7 34. b3 Na5 35. Ng5 h6 36.
Nh7 g5 37. f4 gxf4 38. Bxf4 Qc3 39. Bxh6 Nc6 40. Qd2 Qxd4 41. Qxd4 Nxd4 42. Bf4 Ne2 43.
Bd2 Bh4 44. Nf6+ Ke7 45. Bb4+ Kd8 46. Ba5+ Ke7 47. Bb4+ Kd8 48. Bd2 Ke7 49. g5 Nd4 50.
Bb4+ Kd8 51. Bc5 Nc6 52. Bb6+ Ke7 53. Bc5+ Kd8 54. Bb6+ Kc8 55. Ne8 Nxe5 56. Be3 Kd7 57. Nf6+ Ke7 58. Bc5+ Kd8 59. Bb6+ Kc8 60. Be3 Nd7 61.
Ne8 Kd8 62. Nd6 Ke7 63. Nxb7 e5 64. Kf3 d4 65. Bd2 Ke6 66. Kg4 Bf2 67. h4 e4 68.
Bb4 f5+ 69. gxf6 Nxf6+ 70. Kh3 d3 71. Bd2 e3 72. Nc5+ Kd5 73. Bxe3 Bxe3 74. Nxd3 a5 75. Nb2 Bd2 76. Nc4 Bc3 77. Kg3 a4 78. Kf4 Kc5 79. Kf5 Nh5 80. Kg5 Ng3 81. h5 Ne4+ 82. Kg6 Nd2 83.
Nxd2 Bxd2 84. bxa4 Bc3 85. h6 Kb4 86. Kf7 Kxa4 87.
Kg8 Ka3 88. h7 Kxa2 89. h8=Q Bxh8 1/2-1/2

[Event "*** Titled Tuesday Blitz"]
[Site "Chess.com"]
[Date "2020.11.03"]
[Round "7"]
[White "TST2014"]
[Black "vanea_03"]
[Result "0-1"]
[WhiteElo "2503"]
[BlackElo "2731"]
[TimeControl "180+1"]
[EndTime "11:23:11 PST"]
[Termination "vanea_03 won on time"]

1. d4 Nf6 2. c4 e6 3. Nf3 d5 4. Nc3 a6 5. cxd5 exd5 6. Bg5 Be6 7. e3 Nbd7 8. Bd3 Bd6 9. Bf4 Qe7 10. O-O O-O 11. h3 c5 12. Bxd6 Qxd6 13. dxc5 Nxc5 14.
Nd4 Rac8 15. Rc1 Qb6 16. Rc2 Bd7 17. Bf5 Rfd8 18. Rd2 Be6 19. Qf3 Nce4 20. Nxe4 dxe4 21. Bxe4 Nxe4 22. Qxe4 Bxa2 23. b3 Bxb3 24. Rb2 Bd5 25. Qxh7+ Kxh7 26. Rxb6 Rc3 27. Ra1 g6 28. g4 Kg7 29.
Kh2 Rd3 30. Kg3 Rc3 31. h4 Rc5 32. h5 gxh5 33. Nf5+ Kf8 34. gxh5 Be4 35. Nd6 Rc6 36. Rxc6 Bxc6 37. Nf5 Be4 38. Kf4 Bd3 39. e4 Bc4 40. f3 Kg8 41. Rg1+ Kh8 42. Ra1 b6 43. Kg5 Bb5 44. f4 Kh7 45. e5 Rg8+ 46. Kf6 Rg4 47. Kxf7 Rxf4 48. Ke6 Bc4+ 49. Kf6 Bd3 50. Ke7 Rxf5 51. e6 Re5 52. Kd6 Re3 53. e7 Bb5 54.
Rg1 Kh6 55. Rg8 Kxh5 56. Rb8 Kg6 57. Rxb6 Kf7 58. Rb7 Re6+ 59. Kc5 Rc6+ 60. Kb4 Ke8 61. Kb3 Rd6 62. Kb4 Bd7 63. Ka5 Bb5 64. Ra7 Rc6 65. Kb4 Rc4+ 66. Ka5 Kf7 67. Kb6 Rc6+ 68. Ka5 Re6 69. Kb4 Kf6 70. Ka5 Ke5 71. Kb4 Kd5 72.
Kb3 Kc6 73. Kb4 Kb6 74. Ra8 Re4+ 75. Kc3 Rxe7 76. Rb8+ Ka5 77. Rd8 Rh7 78. Rd2 Rh3+ 79.
Kb2 Kb4 80. Rd4+ Bc4 81. Rd2 a5 82. Rf2 a4 83. Rd2 a3+ 84. Kc2 Bb3+ 85. Kc1 Rh1+ 0-1

[Event "*** Titled Tuesday Blitz"]
[Site "Chess.com"]
[Date "2020.11.03"]
[Round "7"]
[White "enriquebutti"]
[Black "DinaBelenkaya"]
[Result "0-1"]
[WhiteElo "1995"]
[BlackElo "2350"]
[TimeControl "180+1"]
[EndTime "11:23:16 PST"]
[Termination "DinaBelenkaya won by checkmate"]

1. Nf3 d5 2. b3 Bf5 3. Bb2 e6 4. e3 Nf6 5. d4 Bd6 6. Bd3 O-O 7. Nbd2 Ne4 8. O-O Nd7 9. Ne5 Nxe5 10. dxe5 Bb4 11.
Nf3 c5 12. c4 dxc4 13. Bxc4 a6 14. a3 Ba5 15. Qc1 b5 16. Be2 Qc7 17. Rd1 Rfd8 18. Bd3 h6 19. Nh4 Bh7 20. b4 Bb6 21. Nf3 c4 22.
Bxe4 Bxe4 23. Nd4 Bd3 24. Bc3 Rac8 25. Nf3 Qb7 26. Qb2 Bc7 27. Rac1 Qb8 28. Bd4 Rd5 29. h3 g5 30. Rc3 Kg7 31. Qc1 Be4 32. Nd2 Bd3 33. Nf3 Rd7 34. h4 g4 35. Ne1 Be4 36.
f3 gxf3 37. gxf3 Bg6 38. f4 Qb7 39. Qd2 Kh7 40. Qg2 Be4 41. Qh2 Rg8+ 42. Kf1 Bf3 43. Rd2 Bg4 44. Rg2 h5 45. Rcc2 Qe4 46. Rcf2 c3 47. Nc2 Qd3+ 48. Kg1 Qd1+ 49. Rf1 Qd3 50.
Ne1 Qe4 51. Rff2 Rdd8 52. Nc2 Rg6 53. Ne1 Rdg8 54. Kf1 Qb1 55. Rc2 Bf5 56. Rxc3 Rxg2 57. Qxg2 Rxg2 58. Kxg2 Qxe1 59. Rxc7 Qd2+ 60. Kf3 Bg4+ 61.
Ke4 Kg6 62. Rc3 Qd1 63. Bc5 Qb1+ 64. Kd4 Bf3 65. e4 Qd1+ 66. Rd3 Qa1+ 67. Ke3 Bg2 68. f5+ exf5 69. Rd6+ Kg7 70. exf5 Qe1+ 71. Kf4 Qf1+ 72. Kg3 Qf3+ 73. Kh2 Qh3+ 74. Kg1 Qg4 75. Kf2 Be4 76. Bd4 Qf3+ 77. Ke1 Qg3+ 78. Kd1 Bf3+ 79. Kc1 Qe1+ 80. Kb2 Qd2+ 81. Kb3 Bd1# 0-1